 Dungeon Crawl Stone Soup version 0.28.0-43-g3370ac3207 (webtiles) character file.

Game seed: 6044569170728379867

98 Ablot the Grasshopper (level 4, 0/38 HPs)
             Began as a Gnoll Warper on Mar 5, 2022.
             Slain by an orc
             ... wielding a +0 mace
              (3 damage)
             ... on level 3 of the Dungeon.
             The game lasted 00:03:40 (2472 turns).

Ablot the Grasshopper (Gnoll Warper)                Turns: 2472, Time: 00:03:40

Health: 0/38       AC:  4    Str: 12    XL:     4   Next: 71%
Magic:  11/11      EV: 13    Int: 12    God:
Gold:   63         SH:  0    Dex: 12    Spells: 11/13 levels left

rFire   . . .      SeeInvis .   a - +0 spear
rCold   . . .      Faith    .   (no shield)
rNeg    . . .      Spirit   .   b - +0 leather armour
rPois   +          Reflect  .   (no helmet)
rElec   .          Harm     .   (no cloak)
rCorr   .          Rampage  .   k - +0 pair of gloves
Will    .....                   (no boots)
Stlth   +.........              (no amulet)
HPRegen 0.12/turn               i - ring of poison resistance
MPRegen 0.12/turn               (no ring)

@: no status effects
A: fangs 1, strong nose, distributed training
a: no special abilities


You were on level 3 of the Dungeon.
You visited 1 branch of the dungeon, and saw 3 of its levels.

You collected 153 gold pieces.
You spent 90 gold pieces at shops.

Inventory:

Hand Weapons
 a - a +0 spear (weapon)
 r - a +0 hunting sling
Missiles
 d - 5 boomerangs of dispersal (quivered)
 g - 107 stones
 j - 26 bolts
 o - 5 javelins
 v - 6 atropa-tipped darts
Armour
 b - a +0 leather armour (worn)
 k - a +0 pair of gloves (worn)
Jewellery
 i - a ring of poison resistance (left hand)
 u - a ring of ice
Scrolls
 c - 2 scrolls of blinking
 f - 2 scrolls of teleportation {unknown}
 h - a scroll of magic mapping {unknown}
 m - a scroll of brand weapon {unknown}
 p - a scroll of immolation
 q - a scroll of fear
Potions
 e - 3 potions of curing
 l - 2 potions of might
 n - a potion of haste {unknown}
 s - a potion of brilliance {unknown}
 t - a potion of heal wounds {unknown}


   Skills:
 + Level 4.7 Fighting
 + Level 1.2 Short Blades
 + Level 1.2 Long Blades
 + Level 1.2 Axes
 + Level 1.2 Maces & Flails
 + Level 4.7 Polearms
 + Level 1.2 Staves
 + Level 1.2 Slings
 + Level 1.2 Bows
 + Level 1.2 Crossbows
 + Level 2.8 Throwing
 + Level 2.8 Armour
 + Level 4.7 Dodging
 + Level 1.2 Stealth
 + Level 1.2 Shields
 + Level 1.2 Unarmed Combat
 + Level 5.1 Spellcasting
 + Level 1.0 Conjurations
 + Level 1.0 Hexes
 + Level 1.0 Summonings
 + Level 1.0 Necromancy
 + Level 5.5 Translocations
 + Level 1.0 Transmutations
 + Level 1.0 Fire Magic
 + Level 1.0 Ice Magic
 + Level 1.0 Air Magic
 + Level 1.0 Earth Magic
 + Level 1.0 Poison Magic
 + Level 1.3 Invocations
 + Level 1.2 Evocations


You had 11 spell levels left.
You knew the following spells:

 Your Spells              Type           Power      Damage    Failure   Level
a - Blink                 Tloc           32%        N/A       4%          2

Your spell library contained the following spells:

 Spells                   Type           Power      Damage    Failure   Level
 Gell's Gravitas          Tloc           16%        N/A       8%          3
 Lesser Beckoning         Tloc           16%        N/A       8%          3
 Teleport Other           Tloc           16%        N/A       8%          3
 Summon Small Mammal      Summ           20%        N/A       17%         1
 Sublimation of Blood     Necr           5%         N/A       26%         2
 Wereblood                Tmut           5%         N/A       26%         2
 Call Canine Familiar     Summ           5%         N/A       45%         3
 Summon Guardian Golem    Hex/Summ       5%         N/A       45%         3
 Manifold Assault         Tloc           16%        N/A       58%         5
 Summon Hydra             Summ           2%         N/A       100%        7


Dungeon Overview and Level Annotations

Branches:
Dungeon (3/15)

Altars:

Shops:
D:2 ?


Innate Abilities, Weirdness & Mutations

You have very sharp teeth.
Your uncanny sense of smell can sniff out nearby items.
Your experience applies equally to all skills.


Message History

* * * LOW HITPOINT WARNING * * *
You hit something. Your bite misses something. Something barely misses you.
You miss something. Something hits you but does no damage.
You closely miss something. Your bite misses something.
You completely miss something. Something hits you but does no damage.
You hit something but do no damage. Your bite misses something.
Something hits you but does no damage.
You barely miss something. Something hits you.
* * * LOW HITPOINT WARNING * * *
You hit something.
Reactivating autopickup.
You feel a bit more experienced.
Your Conjurations skill increases to level 1!
Your Hexes skill increases to level 1!
Your Summonings skill increases to level 1!
Your Necromancy skill increases to level 1!
Your Transmutations skill increases to level 1!
Your Fire Magic skill increases to level 1!
Your Ice Magic skill increases to level 1!
Your Air Magic skill increases to level 1!
Your Earth Magic skill increases to level 1!
Your Poison Magic skill increases to level 1!
You barely miss the orc. The orc barely misses you.
You closely miss the orc. The orc misses you.
You hit the orc.
The orc is lightly wounded.
You hit the orc.
The orc is moderately wounded.
The orc closely misses you.
You hit the orc but do no damage. Your bite misses the orc.
The orc is moderately wounded.
The orc closely misses you.
You barely miss the orc.
The orc is moderately wounded.
The orc hits you with a +0 mace.
* * * LOW HITPOINT WARNING * * *
You hit the orc but do no damage.
The orc is moderately wounded.
The orc hits you with a +0 mace.
You die...

###.#†#########
##............#
....#.#######.#
.##.#.# #.#
......# #.#
....### #.####
.#### #....#
.## ####.# ..#
####### #@# ..#
#.....# #o# #.#
#.....# #.o..#
#.# #.....#
##.#.# #<#
#.....# #....#
#.# #.....# #≈.
.# ..#####)###
#≈≈..#
#.......# #8≈.
# #.#######
#≈≈.#


You could see 2 orcs.

Vanquished Creatures
  An orc wizard (D:3)
  An adder (D:3)
  A dart slug (D:2)
  An orc (D:3)
  4 ball pythons
  5 bats
  4 endoplasms
  2 giant cockroaches (D:1)
  11 goblins
  4 hobgoblins
  A jackal (D:2)
  8 quokkas
  3 frilled lizards
  2 kobolds (D:1)
  4 rats
52 creatures vanquished.

Notes
Turn   | Place    | Note
-------+----------+-------------------------------------------
     0 | D:1      | Ablot the Gnoll Warper began the quest for the Orb.
     0 | D:1      | Reached XP level 1. HP: 20/20 MP: 6/6
   218 | D:1      | Reached XP level 2. HP: 26/26 MP: 7/7
   221 | D:1      | Learned a level 2 spell: Blink
   623 | D:1      | Reached XP level 3. HP: 21/31 MP: 9/9
   747 | D:1      | Reached skill level 5 in Spellcasting
  1298 | D:2      | Found Tailiecvuh's Magic Scroll Boutique.
  1306 | D:2      | Bought a scroll of fear for 35 gold pieces
  1306 | D:2      | Bought a scroll of identify for 20 gold pieces
  1333 | D:2      | Bought a scroll of immolation for 35 gold pieces
  1385 | D:2      | Reached skill level 1 in Invocations
  1776 | D:2      | Reached skill level 1 in Short Blades
  1776 | D:2      | Reached skill level 1 in Long Blades
  1776 | D:2      | Reached skill level 1 in Axes
  1776 | D:2      | Reached skill level 1 in Maces & Flails
  1776 | D:2      | Reached skill level 1 in Staves
  1776 | D:2      | Reached skill level 1 in Slings
  1776 | D:2      | Reached skill level 1 in Bows
  1776 | D:2      | Reached skill level 1 in Crossbows
  1776 | D:2      | Reached skill level 1 in Stealth
  1776 | D:2      | Reached skill level 1 in Shields
  1776 | D:2      | Reached skill level 1 in Unarmed Combat
  1776 | D:2      | Reached skill level 1 in Evocations
  2148 | D:3      | Reached XP level 4. HP: 34/38 MP: 11/11
  2466 | D:3      | Reached skill level 1 in Conjurations
  2466 | D:3      | Reached skill level 1 in Hexes
  2466 | D:3      | Reached skill level 1 in Summonings
  2466 | D:3      | Reached skill level 1 in Necromancy
  2466 | D:3      | Reached skill level 1 in Transmutations
  2466 | D:3      | Reached skill level 1 in Fire Magic
  2466 | D:3      | Reached skill level 1 in Ice Magic
  2466 | D:3      | Reached skill level 1 in Air Magic
  2466 | D:3      | Reached skill level 1 in Earth Magic
  2466 | D:3      | Reached skill level 1 in Poison Magic
  2472 | D:3      | Slain by an orc

Illustrated notes

Levels and vault maps discovered:
D:1:      minmay_arrival_wavy_path, layout_rooms, minmay_lizard_pond
D:2:      layout_basic, serial_shops, nicolae_shop_trees, minmay_pentomino_r4
D:3:      layout_loops_cross, gammafunk_ghost_mausoleum,
          nicolae_ecumenical_lake_church, moated_statue,
          chequers_serial_rivers_room_b

Skill      XL: |  1  2  3  4 |
---------------+-------------+-----
Spellcasting   | 5 |  5.1
Invocations    | 1 |  1.3
Short Blades   | 1 |  1.2
Long Blades    | 1 |  1.2
Axes           | 1 |  1.2
Maces & Flails | 1 |  1.2
Staves         | 1 |  1.2
Slings         | 1 |  1.2
Bows           | 1 |  1.2
Crossbows      | 1 |  1.2
Stealth        | 1 |  1.2
Shields        | 1 |  1.2
Unarmed Combat | 1 |  1.2
Evocations     | 1 |  1.2
Conjurations   | 1 |  1.0
Hexes          | 1 |  1.0
Summonings     | 1 |  1.0
Necromancy     | 1 |  1.0
Transmutations | 1 |  1.0
Fire Magic     | 1 |  1.0
Ice Magic      | 1 |  1.0
Air Magic      | 1 |  1.0
Earth Magic    | 1 |  1.0
Poison Magic   | 1 |  1.0
Fighting       | |  4.7
Polearms       | |  4.7
Throwing       | |  2.8
Armour         | |  2.8
Dodging        | |  4.7
Translocations | |  5.5

Action                   |  1- 3 |  4- 6 || total
-------------------------+-------+-------++-------
Melee: Spear             |   168 |    49 ||   217
       Bite              |    10 |     1 ||    11
       Punch             |     2 |     1 ||     3
  Use: Scroll            |     2 |       ||     2
 Stab: Sleeping          |     2 |     1 ||     3
Armor: Leather armour    |    36 |     8 ||    44
Dodge: Dodged            |    64 |    21 ||    85
